AoeStats
← nikikiker

Oasis

509384727Analyzed
4v4 RM · 6d ago on Sep 26, 2026· 57m 4s· 8 players
Game mode
Random Map
Map size
Large (8 player)
Population
200
Speed
Normal
Resources
Standard
Victory
Conquest
Starting age
Dark Age
Ending age
Imperial Age
RankedLock teamsTeams togetherTeam positionsShared explorationLock speedFull tech treeHidden civsTurbo modeCheats
Victory
Defeat
🇫🇷 Cumans · France
1269
+15
🇺🇦 Britons · Ukraine
1243
+16
🇨🇳 Maya · China
1238
+16
🇨🇿 Varangians · Czechia
1213
+18
🇦🇷 Maya · Argentina
1273
-17
🇨🇳 Mongols · China
1272
-17
🇧🇷 Persians · Brazil
1257
-17
1182
-14
Zelda
8:25 Loom
10:40 Feudal Age
14:40 Wheelbarrow
17:02 Double-Bit Axe
19:43 Castle Age
17:52 Horse Collar
19:41 Bloodlines
21:26 Scale Barding Armor
21:32 Forging
21:24 Husbandry
22:15 Heavy Plow
25:17 Hand Cart
29:05 Bow Saw
33:48 Imperial Age
32:28 Chain Barding Armor
32:45 Iron Casting
33:52 Cavalier
35:11 Plate Barding Armor
34:40 Gold Mining
35:05 Vendel Legacy
36:06 Conscription
37:19 Blast Furnace
37:28 Elite Jarl
40:16 Two-Man Saw
42:18 Gothikon
45:17 Chemistry
44:23 Siege Engineers
45:14 Crop Rotation
46:19 Light Cavalry
47:13 Hussar
55:03 Caravan
55:34 Coinage
55:15 Guilds
55:24 Caravan
55:54 Coinage
55:35 Guilds
56:15 Padded Archer Armor
56:06 Fletching
56:17 Scale Mail Armor
56:10 Town Watch
56:58 Ballistics
56:49 Fortified Wall
56:35 Murder Holes
56:50 Clinker Construction
57:02 Shipwright
56:34 Heated Shot
56:24 Treadmill Crane
56:55 Masonry
Sahraoui
6:43 Loom
9:26 Feudal Age
10:37 Double-Bit Axe
17:19 Scale Barding Armor
18:51 Forging
22:58 Castle Age
21:00 Gold Mining
22:17 Wheelbarrow
22:02 Bloodlines
21:46 Horse Collar
29:54 Chain Barding Armor
30:11 Iron Casting
30:10 Light Cavalry
35:39 Bow Saw
35:32 Heavy Plow
38:10 Imperial Age
41:21 Elite Steppe Lancer
44:55 Blast Furnace
44:30 Plate Barding Armor
47:33 Capped Ram
49:27 Siege Ram
-d
0:28 Loom
13:52 Feudal Age
18:53 Castle Age
17:26 Fletching
18:57 Crossbowman
21:38 Squires
26:07 Bodkin Arrow
29:36 Wheelbarrow
34:56 Imperial Age
32:56 Padded Archer Armor
33:07 Forging
34:14 Leather Archer Armor
33:51 Double-Bit Axe
34:17 Arson
35:08 Iron Casting
35:13 Hand Cart
35:11 Bow Saw
35:21 Gold Mining
35:22 Stone Mining
36:08 Bracer
37:10 Chemistry
37:38 Thumb Ring
38:34 Ballistics
39:20 Blast Furnace
39:28 Two-Man Saw
39:05 Stone Shaft Mining
38:32 Capped Ram
39:48 Treadmill Crane
40:40 Ring Archer Armor
39:32 Arbalester
39:36 Elite Plumed Archer
39:44 Siege Ram
43:07 Pikeman
43:36 Eagle Warrior
44:17 Scale Mail Armor
45:13 Horse Collar
45:36 Halberdier
45:37 Elite Eagle Warrior
46:41 Conscription
46:37 Chain Mail Armor
47:27 Coinage
46:29 Elite Skirmisher
48:04 Holcans
52:20 Hul'che Javelineers
52:51 Plate Mail Armor
nikikiker
7:56 Loom
10:19 Feudal Age
11:07 Double-Bit Axe
14:19 Fletching
15:02 Padded Archer Armor
14:46 Horse Collar
15:35 Town Watch
22:03 Wheelbarrow
24:47 Castle Age
23:12 Gold Mining
24:58 Crossbowman
25:34 Bodkin Arrow
26:29 Gold Shaft Mining
26:06 Bow Saw
28:40 Leather Archer Armor
35:26 Imperial Age
35:53 Arbalester
36:46 Bracer
39:03 Chemistry
39:24 Stone Mining
39:37 Heavy Plow
41:10 Ballistics
42:54 Conscription
43:11 Ring Archer Armor
46:08 Yeomen
49:55 Hand Cart
50:49 Masonry
52:48 Hoardings
54:39 Warwolf
我知道你很急 但我不急
12:23 Feudal Age
16:16 Castle Age
14:35 Double-Bit Axe
14:35 Domestication
17:34 Pastoralism
17:48 Bow Saw
20:09 Wheelbarrow
19:20 Loom
24:39 Gold Mining
24:40 Stone Mining
25:13 Hand Cart
30:54 Imperial Age
29:12 Scale Barding Armor
29:22 Husbandry
30:06 Forging
30:17 Chain Barding Armor
Leven仔不会玩
10:32 Feudal Age
12:17 Double-Bit Axe
12:35 Horse Collar
15:05 Castle Age
13:41 Stone Mining
14:55 Gold Mining
18:00 Bow Saw
18:57 Wheelbarrow
19:17 Loom
27:36 Hand Cart
27:07 Town Watch
30:14 Imperial Age
28:45 Stone Shaft Mining
28:45 Gold Shaft Mining
29:16 Padded Archer Armor
29:07 Fletching
29:52 Bodkin Arrow
30:13 Leather Archer Armor
30:10 Heavy Plow
31:25 Ballistics
30:33 Elite Mangudai
32:04 Coinage
33:25 Chemistry
33:00 Bracer
33:26 Masonry
33:11 Murder Holes
33:25 Scale Barding Armor
33:31 Forging
34:05 Conscription
33:59 Thumb Ring
35:17 Bloodlines
35:08 Husbandry
35:52 Chain Barding Armor
36:07 Iron Casting
36:28 Nomads
38:10 Parthian Tactics
38:57 Blast Furnace
37:37 Light Cavalry
42:16 Hussar
46:26 Siege Engineers
48:07 Drill
52:21 Heavy Camel Rider
HAHA
2:04 Loom
17:34 Feudal Age
18:53 Town Watch
21:50 Castle Age
20:08 Double-Bit Axe
20:21 Stone Mining
20:24 Fletching
20:35 Padded Archer Armor
22:43 Bodkin Arrow
32:44 Imperial Age
31:45 Bow Saw
32:31 Caravan
33:20 Horse Collar
37:04 Chemistry
37:18 Heavy Plow
37:48 Conscription
38:07 Leather Archer Armor
38:48 Wheelbarrow
38:14 Pikeman
44:35 Hand Cart
45:59 Light Cavalry
46:49 Bloodlines
46:40 Husbandry
46:50 Scale Barding Armor
46:56 Forging
49:52 Chain Barding Armor
49:32 Scale Mail Armor
49:17 Hussar
50:13 Heavy Camel Rider
Nightmare
0:28 Loom
9:20 Feudal Age
10:32 Double-Bit Axe
13:23 Town Watch
14:14 Fletching
16:33 Horse Collar
17:18 Padded Archer Armor
19:20 Wheelbarrow
23:21 Castle Age
21:40 Gold Mining
23:22 Crossbowman
24:03 Bodkin Arrow
25:37 Ballistics
27:03 Stone Mining
28:21 Guard Tower
29:03 Hand Cart
Connection lost

Rejoining the realm…

Still unreachable

The connection could not be restored.

Session expired

The server has moved on; the page needs a fresh start.